Map: 카이로스 정션 - 래더

Players

BratOK (Brat_OK)

  • Race: Terran Terran
  • Spawn Location: 11:00

Dear - Winner!

  • Race: Protoss Protoss
  • Spawn Location: 5:00

Event: IEM Season 13: Katowice (2019)

VOD

Have the link to the VOD?

Description

Time

  • Played on: Feb. 25, 2019, 4:18 a.m.
  • Length: 15:04

All games in this series

Show
View Real Time Build Order
Export as new Build Order

BratOK Terran 

Build Orders: Liberator Opening, Mech 

Get SALT Encoding   

  12  0:00  SCV  
  13  0:12  SCV  
  14  0:17  Supply Depot  
  14  0:24  SCV  
  15  0:38  SCV  
  15  0:39  Barracks  
  16  0:44  Refinery  
  16  0:50  SCV  
  17  1:02  SCV  
  18  1:15  SCV  
  19  1:26  Marine  
  19  1:27  Orbital Command  
  20  1:44  Command Center  
  20  1:54  Factory  
  20  1:55  SCV  
  21  2:01  Refinery  
  21  2:05  Barracks Reactor  
  21  2:08  SCV  
  22  2:14  Supply Depot  
  22  2:20  SCV  
  23  2:27  Bunker  
  23  2:35  SCV  
  24  2:38  Starport  
  24  2:41  Widow Mine  
  26  2:44  Marine  
  26  2:47  Marine  
  26  2:50  SCV  
  29  2:59  Orbital Command  
  29  3:11  Marine x2  
  31  3:15  Widow Mine  
  31  3:18  Medivac  
  35  3:23  SCV  
  35  3:25  SCV  
  37  3:28  Marine  
  37  3:30  Marine  
  39  3:34  Supply Depot  
  39  3:36  SCV  
  39  3:39  Liberator, Widow Mine  
  42  3:46  Marine  
  42  3:48  Marine  
  44  3:49  SCV  
  44  3:50  SCV  
  46  4:01  Factory Tech Lab  
  46  4:02  SCV x2  
  51  4:04  Marine  
  51  4:09  Supply Depot  
  52  4:12  Marine  
  52  4:14  SCV  
  54  4:21  Supply Depot  
  59  4:31  Siege Tank, SCV x2  
  59  4:34  Marine x2  
  57  4:48  SCV x2  
  52  4:53  Command Center  
  52  4:59  Viking  
  54  5:00  SCV x2  
  54  5:03  Siege Tank  
  59  5:15  Barracks  
  59  5:16  SCV  
  59  5:18  Barracks  
  60  5:21  Barracks Tech Lab  
  60  5:22  SCV  
  60  5:24  Refinery  
  60  5:25  Refinery  
  60  5:28  SCV  
  62  5:31  Starport Reactor  
  62  5:35  Siege Tank, SCV  
  66  5:40  Stimpack, Marine, SCV  
  67  5:47  SCV  
  68  5:51  Supply Depot  
  68  5:52  SCV  
  69  5:58  Engineering Bay, Marine  
  69  6:00  Engineering Bay  
  70  6:04  SCV x2  
  70  6:06  Orbital Command  
  72  6:15  Siege Tank  
  72  6:16  Marine  
  72  6:17  SCV x2  
  78  6:20  Starport Reactor  
  78  6:22  Marine x4  
  78  6:25  Orbital Command  
  82  6:29  SCV x2  
  84  6:33  Missile Turret  
  84  6:36  Terran Infantry Weapons Level 1, Terran Infantry Armor Level 1, Supply Depot  
  84  6:38  Supply Depot  
  84  6:41  SCV  
  85  6:47  Marine x3  
  85  6:48  Marine x2  
  90  7:03  Medivac x2, Siege Tank  
  90  7:04  SCV x2  
  90  7:05  Marine, SCV  
  101  7:09  Refinery  
  101  7:10  Refinery  
  101  7:12  Supply Depot  
  101  7:14  Supply Depot  
  101  7:16  SCV  
  101  7:20  Marine x2  
  101  7:21  Marine x2  
  106  7:23  SCV x2  
  106  7:29  SCV  
  109  7:31  Factory  
  109  7:35  Factory, SCV x2  
  111  7:41  Combat Shield  
  111  7:45  SCV  
  111  7:46  Siege Tank  
  111  7:47  Marine x5, SCV  
  111  7:50  Supply Depot  
  121  7:52  SCV  
  121  7:57  SCV  
  123  8:01  Armory  
  120  8:08  Supply Depot  
  124  8:14  Missile Turret  
  124  8:15  Factory Tech Lab  
  124  8:16  Missile Turret  
  124  8:19  Viking x2  
  124  8:21  Supply Depot  
  124  8:22  SCV x2  
  126  8:30  Barracks  
  126  8:31  Barracks  
  126  8:37  Supply Depot  
  126  8:40  Missile Turret  
  126  8:41  Missile Turret  
  126  8:44  Factory Tech Lab  
  126  8:45  Siege Tank x2  
  126  8:48  Terran Infantry Weapons Level 2, Terran Infantry Armor Level 2  
  132  8:50  Viking  
  133  9:00  Marine  
  133  9:01  Marine x4  
  138  9:09  Supply Depot  
  136  9:10  Supply Depot  
  136  9:15  Viking  
  136  9:16  Siege Tank  
  140  9:17  Siege Tank  
  140  9:18  Marine  
  140  9:19  Marine x3  
  140  9:23  Barracks Reactor x2  
  146  9:32  Marine  
  146  9:33  Supply Depot x2  
  146  9:35  Supply Depot  
  146  9:36  Marine x3, Bunker  
  149  9:41  Siege Tank  
  152  9:47  Viking x2  
  152  9:48  Siege Tank  
  152  9:51  Supply Depot  
  159  9:54  Siege Tank  
  159  9:55  Supply Depot x2  
  162  10:02  Marine x2  
  151  10:27  Marine x6, Marauder  
  151  10:28  Marine x2  
  150  10:44  Liberator  
  150  10:45  Marine x6  
  150  10:49  Marauder  
  158  10:50  Marine x2, Siege Tank x3  
  158  10:53  SCV x2  
  171  11:01  Armory  
  171  11:03  Marine x6  
  178  11:20  Medivac  
  178  11:22  Siege Tank x2  
  178  11:25  Marine x2  
  184  11:26  Marine x6  
  192  11:34  Marine  
  193  11:43  Marine x4  
  193  11:44  Medivac  
  199  11:47  Marine  
  199  11:52  Terran Infantry Armor Level 3  
  182  12:11  Marine x8  
  182  12:14  Siege Tank  
  159  12:23  Viking  
  159  12:28  Marine  
  159  12:29  Marine x2  
  56  14:00  Orbital Command  
  53  14:05  Missile Turret x2  
  28  14:26  Orbital Command  
  22  14:45  Factory x2  
Show
View Real Time Build Order
Export as new Build Order

Dear Protoss - Winner!

Build Orders: 1 Gate Expand, Archon Immortal, Colossus Rush 

Get SALT Encoding   

  12  0:00  Probe  
  13  0:12  Probe  
  14  0:17  Pylon  
  14  0:24  Probe  
  15  0:32  Probe  
  15  0:37  Gateway  
  15  0:40  Probe  
  16  0:45  Assimilator  
  17  0:51  Probe  
  18  1:03  Probe  
  19  1:15  Probe  
  20  1:23  Nexus  
  20  1:32  Cybernetics Core  
  20  1:35  Probe  
  21  1:42  Assimilator  
  21  1:47  Probe  
  21  1:51  Pylon  
  22  1:59  Adept  
  22  2:00  Probe  
  23  2:09  Warp Gate  
  23  2:12  Probe  
  26  2:19  Stalker  
  26  2:24  Probe  
  29  2:31  Probe  
  29  2:34  Robotics Facility  
  29  2:36  Probe  
  31  2:39  Probe  
  32  2:48  Probe  
  32  2:49  Stalker, Probe  
  36  3:00  Probe  
  36  3:01  Probe  
  38  3:10  Probe  
  38  3:12  Probe  
  39  3:15  Gateway  
  39  3:16  Gateway  
  39  3:18  Probe  
  40  3:22  Observer  
  40  3:23  Pylon  
  40  3:24  Probe  
  43  3:27  Probe  
  43  3:30  Pylon  
  43  3:34  Assimilator  
  44  3:35  Probe  
  44  3:36  Assimilator, Probe  
  46  3:43  Observer, Probe  
  48  3:48  Probe  
  48  3:51  Robotics Bay  
  48  3:54  Probe  
  50  4:01  Probe  
  51  4:04  Observer  
  51  4:06  Stalker, Pylon  
  54  4:10  Stalker x2  
  54  4:12  Probe  
  54  4:13  Probe  
  60  4:25  Pylon  
  60  4:27  Forge  
  60  4:28  Twilight Council  
  60  4:35  Stalker x2  
  64  4:42  Probe  
  64  4:44  Probe  
  58  4:50  Probe  
  56  4:56  Probe  
  56  4:58  Probe  
  58  5:05  Colossus  
  64  5:08  Probe  
  64  5:11  Probe  
  66  5:22  Nexus  
  66  5:25  Probe  
  66  5:26  Probe  
  66  5:28  Protoss Ground Weapons Level 1, Blink  
  68  5:37  Probe  
  68  5:38  Probe  
  70  5:43  Pylon  
  70  5:45  Extended Thermal Lance  
  70  5:46  Probe  
  70  5:47  Probe  
  71  5:52  Colossus  
  71  5:54  Probe  
  71  5:55  Probe  
  72  6:03  Probe  
  80  6:05  Probe  
  80  6:07  Sentry  
  80  6:10  Pylon  
  84  6:15  Forge  
  84  6:17  Probe  
  85  6:19  Probe  
  85  6:22  Pylon  
  86  6:28  Observer  
  86  6:29  Probe  
  86  6:31  Probe  
  88  6:35  Colossus, Probe  
  88  6:36  Sentry x2  
  93  6:40  Protoss Ground Armor Level 1  
  93  6:42  Probe  
  93  6:43  Probe  
  100  6:47  Gateway  
  100  6:51  Gateway  
  100  6:56  Gateway  
  100  6:57  Protoss Ground Weapons Level 2  
  100  7:00  Probe x3  
  103  7:09  Gateway  
  103  7:12  Assimilator  
  103  7:13  Assimilator, Gateway, Probe x3  
  106  7:18  Pylon  
  106  7:24  Templar Archives  
  106  7:28  Warp Prism  
  108  7:33  Pylon  
  108  7:35  Stalker x3  
  114  7:37  Pylon  
  114  7:45  Pylon  
  114  7:51  Nexus  
  114  7:52  Probe x3  
  117  7:59  Charge  
  117  8:04  Probe x2  
  117  8:05  Protoss Ground Armor Level 2, Probe  
  120  8:06  Gravitic Drive, Immortal  
  120  8:10  Pylon  
  124  8:13  Robotics Facility  
  124  8:16  Probe  
  124  8:17  Probe  
  126  8:24  Zealot x4  
  126  8:26  Probe  
  135  8:29  Probe  
  136  8:34  Probe  
  136  8:36  Stalker  
  136  8:38  Probe  
  140  8:42  Pylon  
  140  8:44  Protoss Ground Weapons Level 3  
  140  8:47  Immortal  
  140  8:55  High Templar x2  
  140  8:56  High Templar x2  
  140  8:59  Archon  
  140  9:00  Archon  
  140  9:02  Pylon  
  152  9:05  Nexus  
  152  9:08  Pylon  
  152  9:16  Probe x3  
  155  9:17  Immortal, Pylon  
  157  9:25  Probe  
  157  9:28  Probe x2  
  157  9:29  Immortal  
  157  9:30  Gateway  
  164  9:32  Gateway  
  164  9:56  Immortal  
  164  9:57  Protoss Ground Armor Level 3  
  168  10:05  Zealot x3  
  168  10:06  Zealot x5  
  184  10:07  Immortal  
  184  10:11  Probe x3  
  184  10:12  Probe  
  188  10:16  Photon Cannon  
  188  10:19  Photon Cannon  
  188  10:20  Photon Cannon  
  184  10:22  Photon Cannon  
  164  10:35  High Templar x4  
  142  10:36  High Templar x2, Zealot x3  
  142  10:38  Immortal, Warp Prism  
  142  10:40  Archon x3  
  164  10:55  Gateway x2  
  164  10:57  Stalker x4  
  166  11:05  Immortal  
  166  11:07  Immortal  
  166  11:13  Zealot x6  
  178  11:31  Zealot x4  
  186  11:42  Zealot x6  
  186  11:46  Dark Shrine  
  198  12:07  Immortal  
  184  12:08  Immortal  
  184  12:12  Zealot x8  
  184  12:13  Zealot x4  
  178  12:35  Stalker x10  
  178  12:36  Stalker  
  157  13:08  Zealot x2  
  157  13:09  Dark Templar, Zealot x4  
  169  13:14  Pylon  
  169  13:18  Gateway  
  167  13:20  Gateway  
  167  13:22  Gateway  
  167  13:23  Gateway  
  167  13:25  Gateway  
  157  13:30  Gateway, Dark Templar x5  
  157  13:33  Gateway  
  150  13:44  Zealot  
  145  13:49  Pylon  
  145  13:51  Nexus  
  143  14:03  Cybernetics Core  
  143  14:06  Pylon  
  143  14:29  Zealot x5  
  143  14:30  Pylon  
  149  14:32  Pylon  
  149  14:33  Pylon  
  149  14:35  Pylon  
  149  14:37  Pylon  
  149  14:38  Pylon  
  149  14:45  Nexus  
  149  14:48  Probe x3  
  149  14:49  Pylon  
  149  14:52  Pylon x2  
  152  14:55  Pylon  

Tags
 
Add a new tag
Caveats
  • Supply blocks, unpowered buildings, or Contaminate may cause inaccurate times.
  • Supply counts are checked every 10 seconds.